 Dungeon Crawl Stone Soup version 0.27-a0-590-g94244163b4 (webtiles) character file.

Game seed: 11472134756787089428

560 funkygono the Magician (level 7, -4/51 HPs)
             Began as a Gnoll Hedge Wizard on Mar 10, 2021.
             Slain by a water moccasin (6 damage)
             ... on level 5 of the Dungeon.
             The game lasted 00:11:24 (7318 turns).

funkygono the Magician (Gnoll Hedge Wizard)         Turns: 7318, Time: 00:11:24

Health: -4/51      AC:  3    Str: 10    XL:     7   Next: 31%
Magic:  15/18      EV: 13    Int: 14    God:
Gold:   161        SH:  0    Dex: 12    Spells: 8/21 levels left

rFire    . . .     SeeInvis .   f - +0 dagger (elec)
rCold    . . .     Faith    .   (no shield)
rNeg     . . .     Spirit   .   b - +0 robe
rPois    .         Reflect  .   c - +0 hat
rElec    .         Harm     .   (no cloak)
rCorr    .         Rampage  .   (no gloves)
Will     .....                  l - +0 pair of boots
Stlth    +++.......             (no amulet)
HPRegen  0.17/turn              (no ring)
MPRegen  0.16/turn              (no ring)

@: lethally poisoned (-4 -> -16)
A: fangs 1, strong nose, distributed training
a: no special abilities


You were on level 5 of the Dungeon.
You visited 1 branch of the dungeon, and saw 5 of its levels.

You collected 161 gold pieces.

Inventory:

Hand Weapons
 f - a +0 dagger of electrocution (weapon)
Armour
 b - a +0 robe (worn)
 c - a +0 hat (worn)
 l - a +0 pair of boots (worn)
Scrolls
 a - a scroll of fog
 e - 2 scrolls of teleportation
 m - a scroll of vulnerability {unknown}
Potions
 d - a potion of lignification
 h - a potion of mutation {unknown}
 i - a potion of might {unknown}
 j - a potion of invisibility {unknown}
 k - a potion of attraction {unknown}


   Skills:
 + Level 2.4 Fighting
 + Level 2.4 Short Blades
 + Level 2.4 Long Blades
 + Level 2.4 Axes
 + Level 2.4 Maces & Flails
 + Level 2.4 Polearms
 + Level 2.4 Staves
 + Level 2.4 Slings
 + Level 2.4 Bows
 + Level 2.4 Crossbows
 + Level 2.4 Throwing
 + Level 2.4 Armour
 + Level 5.2 Dodging
 + Level 4.8 Stealth
 + Level 2.4 Shields
 + Level 2.4 Unarmed Combat
 + Level 7.6 Spellcasting
 + Level 2.9 Conjurations
 + Level 2.0 Hexes
 + Level 2.9 Summonings
 + Level 2.0 Necromancy
 + Level 2.9 Translocations
 + Level 2.0 Transmutations
 + Level 2.0 Fire Magic
 + Level 2.0 Ice Magic
 + Level 2.0 Air Magic
 + Level 2.0 Earth Magic
 + Level 2.0 Poison Magic
 + Level 2.6 Invocations
 + Level 2.4 Evocations


You had 8 spell levels left.
You knew the following spells:

 Your Spells              Type           Power      Damage    Failure   Level
a - Magic Dart            Conj           52%        1d5       4%          1
b - Blink                 Tloc           N/A        N/A       6%          2
c - Call Imp              Summ           13%        N/A       6%          2
d - Slow                  Hex            10%        N/A       9%          2
e - Conjure Flame         Conj/Fire      12%        6-21      14%         3
f - Mephitic Cloud        Conj/Pois/Air  11%        N/A       16%         3

Your spell library contained the following spells:

 Spells                   Type           Power      Damage    Failure   Level


Dungeon Overview and Level Annotations

Branches:
Dungeon (5/15)
 Temple: D:4-7

Altars:
Elyvilon

Annotations:
D:3 3 runed translucent doors, Anon1729's ghost, amateur HOFi; bohran's ghost, amateur DEAE; t4s4d4r's ghost, amateur DsNe


Innate Abilities, Weirdness & Mutations

You have very sharp teeth.
Your uncanny sense of smell can sniff out nearby items.
Your experience applies equally to all skills.


Message History

You feel sick. The water moccasin closely misses you.
* * * LOW HITPOINT WARNING * * *
You feel sick.
* * * LOW HITPOINT WARNING * * *
You feel sick. The water moccasin barely misses you.
It was a potion of ambrosia.
You are confused.
You feel invigorated.
* * * LOW HITPOINT WARNING * * *
You feel sick. The water moccasin bites you.
* * * LOW HITPOINT WARNING * * *
You feel sick.
You bump into the rock wall.
You feel sick. The water moccasin closely misses you.
The water moccasin barely misses you.
You feel less invigorated.
You feel less confused.
You feel sick. The water moccasin bites you.
The water moccasin barely misses you.
You feel sick.
Casting: Magic Dart (safe; 4% risk of failure)
Confirm with . or Enter, or press ? or * to list all spells.
You blink.
Casting: Blink (safe; 6% risk of failure)
Confirm with . or Enter, or press ? or * to list all spells.
A beastly little devil appears in a puff of flame.
You feel sick. The water moccasin barely misses you.
You feel sick. The water moccasin bites you!
* * * LOW HITPOINT WARNING * * *
You are lethally poisoned!
The water moccasin poisons you!
Your crimson imp hits the water moccasin.
* * * LOW HITPOINT WARNING * * *
You feel sick.
Your crimson imp completely misses the water moccasin.
* * * LOW HITPOINT WARNING * * *
You feel sick.
Your crimson imp blinks!
* * * LOW HITPOINT WARNING * * *
You feel sick. The water moccasin bites you.
You die...

#.# ###### #.#
#....# #.# #.##.#
#.###### #.##.#
#.#§...# #.##.#
#.#.##.# #.##.#
#.#..#§#
#.##.####.##S#.###
#.##......#@5#...#
#.##############.#
#.##.............#
#....#############
######


You could see a water moccasin (ally target) and a friendly crimson imp
(summoned).

Vanquished Creatures
  Menkaure (D:4)
  A scorpion (D:4)
  A howler monkey (D:4)
  A hound (D:4)
  2 worker ants
  A hound zombie (D:4)
  14 adders
  A shadow imp (D:4)
  4 oozes
  A worm (D:2)
  4 dart slugs
  A leopard gecko (D:2)
  9 bats
  5 giant cockroaches
  8 goblins
  8 hobgoblins
  7 jackals
  7 kobolds
  2 ball pythons
  6 frilled lizards
  A leopard gecko skeleton (D:2)
  8 rats
93 creatures vanquished.

Vanquished Creatures (collateral kills)
  A bullfrog (D:4)
  An adder (D:4)
  4 worms (D:2)
  A quokka (D:4)
7 creatures vanquished.

Grand Total: 100 creatures vanquished

Notes
Turn   | Place    | Note
-------+----------+-------------------------------------------
     0 | D:1      | funkygono the Gnoll Hedge Wizard began the quest for the
                  | Orb.
     0 | D:1      | Reached XP level 1. HP: 13/13 MP: 8/8
   195 | D:1      | Reached XP level 2. HP: 19/19 MP: 6/10
   749 | D:1      | Reached XP level 3. HP: 24/25 MP: 7/11
  1192 | D:2      | Reached skill level 1 in Invocations
  1597 | D:1      | Learned a level 2 spell: Blink
  1600 | D:1      | Learned a level 2 spell: Call Imp
  1603 | D:1      | Learned a level 2 spell: Slow
  1607 | D:1      | Learned a level 3 spell: Conjure Flame
  1611 | D:1      | Learned a level 3 spell: Mephitic Cloud
  2167 | D:2      | Reached skill level 1 in Fighting
  2167 | D:2      | Reached skill level 1 in Short Blades
  2167 | D:2      | Reached skill level 1 in Long Blades
  2167 | D:2      | Reached skill level 1 in Axes
  2167 | D:2      | Reached skill level 1 in Maces & Flails
  2167 | D:2      | Reached skill level 1 in Polearms
  2167 | D:2      | Reached skill level 1 in Staves
  2167 | D:2      | Reached skill level 1 in Slings
  2167 | D:2      | Reached skill level 1 in Bows
  2167 | D:2      | Reached skill level 1 in Crossbows
  2167 | D:2      | Reached skill level 1 in Throwing
  2167 | D:2      | Reached skill level 1 in Armour
  2167 | D:2      | Reached skill level 1 in Shields
  2167 | D:2      | Reached skill level 1 in Unarmed Combat
  2167 | D:2      | Reached skill level 1 in Evocations
  2313 | D:2      | Reached XP level 4. HP: 23/32 MP: 7/13
  2891 | D:2      | Reached skill level 1 in Hexes
  2891 | D:2      | Reached skill level 1 in Necromancy
  2891 | D:2      | Reached skill level 1 in Transmutations
  2891 | D:2      | Reached skill level 1 in Fire Magic
  2891 | D:2      | Reached skill level 1 in Ice Magic
  2891 | D:2      | Reached skill level 1 in Air Magic
  2891 | D:2      | Reached skill level 1 in Earth Magic
  2891 | D:2      | Reached skill level 1 in Poison Magic
  3378 | D:2      | Reached XP level 5. HP: 37/37 MP: 9/14
  4138 | D:3      | You fall into a shaft and drop 2 floors!
  4138 | D:5      | Entered Level 5 of the Dungeon
  4409 | D:5      | Noticed a centaur
  4755 | D:3      | Found a runed translucent gate.
  4756 | D:3      | Found a runed translucent gate.
  4756 | D:3      | Found a runed translucent gate.
  4756 | D:3      | Noticed bohran's ghost (amateur DEAE)
  4757 | D:3      | Noticed t4s4d4r's ghost (amateur DsNe)
  4757 | D:3      | Noticed Anon1729's ghost (amateur HOFi)
  5161 | D:3      | Reached XP level 6. HP: 44/44 MP: 13/16
  5716 | D:4      | Noticed Menkaure
  5725 | D:4      | Killed Menkaure
  5726 | D:4      | Reached skill level 5 in Dodging
  6129 | D:4      | Reached XP level 7. HP: 48/50 MP: 11/18
  6447 | D:4      | Found a white marble altar of Elyvilon.
  7318 | D:5      | HP: 2/51 [poisoned by a water moccasin]
  7318 | D:5      | Slain by a water moccasin

Illustrated notes

Levels and vault maps discovered:
D:1:      lightli_arrival_farm, layout_basic
D:2:      minmay_angry_zag, layout_loops_ring
D:3:      layout_loops_corners, gammafunk_ghost_cemetery,
          kennysheep_small_spiral, minmay_splitting_lines
D:4:      layout_basic, elyvilon_altar_5, cheibrodos_sewer_entry_drain,
          uniq_menkaure
D:5:      cheibrodos_iron_armory, layout_basic, nicolae_gozag_zags_fifth_avenue,
          temple_statues, minmay_misc_feat_square

Skill      XL: |  1  2  3  4  5  6  7 |
---------------+----------------------+-----
Conjurations   | 2 |  2.9
Summonings     | 2 |  2.9
Translocations | 2 |  2.9
Invocations    | 1 2 |  2.6
Fighting       | 1 2 |  2.4
Short Blades   | 1 2 |  2.4
Long Blades    | 1 2 |  2.4
Axes           | 1 2 |  2.4
Maces & Flails | 1 2 |  2.4
Polearms       | 1 2 |  2.4
Staves         | 1 2 |  2.4
Slings         | 1 2 |  2.4
Bows           | 1 2 |  2.4
Crossbows      | 1 2 |  2.4
Throwing       | 1 2 |  2.4
Armour         | 1 2 |  2.4
Shields        | 1 2 |  2.4
Unarmed Combat | 1 2 |  2.4
Evocations     | 1 2 |  2.4
Hexes          | 1 2 |  2.0
Necromancy     | 1 2 |  2.0
Transmutations | 1 2 |  2.0
Fire Magic     | 1 2 |  2.0
Ice Magic      | 1 2 |  2.0
Air Magic      | 1 2 |  2.0
Earth Magic    | 1 2 |  2.0
Poison Magic   | 1 2 |  2.0
Dodging        | 5 |  5.2
Stealth        | |  4.8
Spellcasting   | |  7.6

Action                   |  1- 3 |  4- 6 |  7- 9 || total
-------------------------+-------+-------+-------++-------
Melee: Dagger            |    83 |    77 |    13 ||   173
       Bite              |    11 |     8 |       ||    19
       Punch             |     1 |     1 |       ||     2
 Cast: Magic Dart        |    84 |   168 |    23 ||   275
       Call Imp          |     4 |    13 |    10 ||    27
       Blink             |     2 |     5 |     1 ||     8
       Conjure Flame     |       |       |     1 ||     1
  Use: Scroll            |     3 |     3 |     1 ||     7
       Potion            |       |     1 |     1 ||     2
Armor: Robe              |    12 |    15 |     4 ||    31
Dodge: Dodged            |    66 |    66 |    34 ||   166

Table legend: (Time is in decaauts)
 A = Elapsed time spent in this place.
 B = Non-inter-level travel time spent in this place.
 C = Inter-level travel time spent in this place.
 D = Time resting spent in this place.
 E = Time spent auto-exploring this place.
 F = Levels seen in this place.
 G = Mean time per level.
                   A        B        C        D        E       F      G
               +--------+--------+--------+--------+--------+-----+--------+
         Total |   7339 |   7264 |     75 |    913 |   5352 |   5 | 1467.8 |
       Dungeon |   7339 |   7264 |     75 |    913 |   5352 |   5 | 1467.8 |
               +--------+--------+--------+--------+--------+-----+--------+

Top non-repeatable levels by time:
     D:2: 2543 daAuts
     D:4: 1747 daAuts
     D:1: 1380 daAuts
     D:3: 1214 daAuts
     D:5: 453 daAuts
